 Seeded DCSS version 0.28-a0-519-gbfeecf2fc5 (webtiles) character file.

Game seed: 453223352953510788 (custom seed)

150794 flotson the Covert (level 17, -22/137 HPs)
             Began as a Gnoll Delver on Sept 17, 2021.
             Was an Initiate of Gozag.
             Killed from afar by Nikola (71 damage)
             ... with an arc of chain lightning
             ... on level 2 of the Swamp on Sept 23, 2021.
             The game lasted 01:03:22 (36899 turns).

flotson the Covert (Gnoll Delver)                  Turns: 36899, Time: 01:03:23

Health: -22/137    AC: 40    Str: 20    XL:     17   Next: 54%
Magic:  0/29       EV: 11    Int: 10    God:    Gozag
Gold:   1229       SH: 18    Dex: 16    Spells: 27/39 levels left

rFire   + . .      SeeInvis .   b - +11 morningstar of the Lonely Lies {pain, *Rage rC+ Str+4}
rCold   + + .      Faith    .   a - +0 tower shield
rNeg    . . .      Spirit   +   h - +27 Lear's hauberk
rPois   +          Reflect  .   (helmet currently unavailable)
rElec   .          Harm     .   y - +0 cloak {Stlth+}
rCorr   .          Rampage  .   (gloves currently unavailable)
Will    +....      Rage     20% (boots currently unavailable)
Stlth   ++++......              K - amulet of guardian spirit
HPRegen 0.32/turn               J - +4 ring of slaying
MPRegen 0.21/turn               C - ring "Ustahirha" {Fly rPois rF+ rC+}

@: marked, gold aura, on berserk cooldown, flying, slowed, studying Shields,
very slow
A: fangs 1, strong nose, distributed training, low mp 1, mutation resistance 1
a: Renounce Religion, Potion Petition, Call Merchant, Bribe Branch


You were on level 2 of the Swamp.
You worshipped Gozag.
Gozag was most pleased with you.
You visited 4 branches of the dungeon, and saw 25 of its levels.

You collected 9866 gold pieces.
You spent 5112 gold pieces at shops.
You paid 3525 gold pieces to Gozag.

Inventory:

Hand Weapons
 b - the +11 morningstar of the Lonely Lies (weapon) {pain, *Rage rC+ Str+4}
   (You bought it in a shop on level 2 of the Orcish Mines)

   In the hands of one skilled in necromantic magic, it inflicts extra damage on
   living creatures.
   Str:       It affects your strength (+4).
   rC:        It protects you from cold.
   *Rage:     It lets you go berserk by making a melee attack (+20% chance).
 c - the +11 falchion of Watchfulness {antimagic, Str+6 Dex+4}
   (You bought it in a shop on level 2 of the Orcish Mines)

   It reduces the magical energy of the wielder, and disrupts the spells and
   magical abilities of those it strikes.
   Natural abilities and divine invocations are not affected.
   Str:       It affects your strength (+6).
   Dex:       It affects your dexterity (+4).
Missiles
 s - 2 throwing nets
 w - 5 atropa-tipped darts
 H - 105 poisoned darts (quivered)
Armour
 a - a +0 tower shield (worn)
 h - the +27 Lear's hauberk (worn)
   (You found it on level 5 of the Dungeon)
 y - a +0 cloak of stealth (worn)
Jewellery
 C - the ring "Ustahirha" (right hand) {Fly rPois rF+ rC+}
   (You bought it in a shop on level 2 of the Orcish Mines)

   [ring of flight]

   rF:        It protects you from fire.
   rC:        It protects you from cold.
   rPois:     It protects you from poison.
   Fly:       It grants you flight.
 J - a +4 ring of slaying (left hand)
 K - an amulet of guardian spirit (around neck)
 V - an amulet of the acrobat
 X - a ring of wizardry
Wands
 g - a wand of digging (5)
 l - a wand of acid (5)
 u - a wand of flame (41)
 B - a wand of polymorph (23)
 F - a wand of mindburst (3)
 O - a wand of iceblast (52)
 Z - a wand of paralysis (31)
Scrolls
 d - 2 scrolls of brand weapon
 e - 2 scrolls of fear
 j - 4 scrolls of enchant armour
 n - 9 scrolls of teleportation
 q - 3 scrolls of torment
 r - 3 scrolls of enchant weapon
 t - 7 scrolls of immolation
 A - 4 scrolls of blinking
 D - 4 scrolls of fog
 E - a scroll of magic mapping
 G - a scroll of silence
 I - 3 scrolls of identify
 U - a scroll of summoning
Potions
 f - 7 potions of haste
 i - 4 potions of heal wounds
 k - 2 potions of invisibility
 m - 9 potions of curing
 o - 3 potions of berserk rage
 p - 2 potions of cancellation
 x - 3 potions of attraction
 z - 3 potions of ambrosia
 L - 2 potions of mutation
 M - 3 potions of lignification
 Q - 3 potions of might
 S - a potion of resistance
Miscellaneous
 v - a phantom mirror
 N - a piece from Xom's chessboard (15/15)
 W - a box of beasts
 Y - a tin of tremorstones (2/2)


   Skills:
 + Level 13.3 Fighting
 + Level 11.7 Short Blades
 + Level 11.7 Long Blades
 + Level 12.6 Axes
 + Level 11.7 Maces & Flails
 + Level 11.7 Polearms
 + Level 11.7 Staves
 + Level 11.7 Slings
 + Level 11.7 Bows
 + Level 11.7 Crossbows
 + Level 11.7 Throwing
 + Level 11.7 Armour
 + Level 12.6 Dodging
 + Level 14.8 Stealth
 + Level 12.1 Shields
 + Level 11.7 Unarmed Combat
 + Level 11.7 Spellcasting
 + Level 9.9 Conjurations
 + Level 9.9 Hexes
 + Level 9.9 Summonings
 + Level 9.9 Necromancy
 + Level 9.9 Translocations
 + Level 9.9 Transmutations
 + Level 9.9 Fire Magic
 + Level 9.9 Ice Magic
 + Level 9.9 Air Magic
 + Level 9.9 Earth Magic
 + Level 9.9 Poison Magic
 + Level 12.7 Invocations
 + Level 11.7 Evocations


You had 27 spell levels left.
You knew the following spells:

 Your Spells              Type           Power      Damage    Failure   Level
a - Swiftness             Air            25%        N/A       21%         3
b - Teleport Other        Tloc           25%        N/A       21%         3
c - Lesser Beckoning      Tloc           25%        N/A       21%         3
d - Dazzling Flash        Conj/Hex       50%        N/A       21%         3

Your spell library contained the following spells:

 Spells                   Type           Power      Damage    Failure   Level
 Freeze                   Ice            100%       1d11      7%          1
 Sandblast                Erth           50%        2d12      7%          1
 Shock                    Conj/Air       100%       1d9       7%          1
 Sting                    Tmut/Pois      100%       1d8       7%          1
 Call Imp                 Summ           25%        N/A       10%         2
 Corpse Rot               Necr/Air       N/A        N/A       10%         2
 Poisonous Vapours        Pois/Air       50%        N/A       10%         2
 Sublimation of Blood     Necr           12%        N/A       10%         2
 Wereblood                Tmut           25%        N/A       10%         2
 Conjure Flame            Conj/Fire      25%        6-21      21%         3
 Frozen Ramparts          Ice            50%        1d7       21%         3
 Gell's Gravitas          Tloc           12%        N/A       21%         3
 Stone Arrow              Conj/Erth      50%        3d10      21%         3
 Vampiric Draining        Necr           12%        2d7       21%         3
 Airstrike                Air            12%        N/A       54%         4
 Animate Armour           Summ/Erth      50%        N/A       54%         4
 Animate Dead             Necr           12%        N/A       54%         4
 Dispel Undead            Necr           25%        3d12      54%         4
 Fulminant Prism          Conj/Hex       12%        3d9       54%         4
 Hailstorm                Conj/Ice       25%        3d7       54%         4
 Iskenderun's Mystic Bla  Conj/Tloc      25%        2d7       54%         4
 Leda's Liquefaction      Hex/Erth       12%        N/A       54%         4
 Olgreb's Toxic Radiance  Pois           25%        N/A       54%         4
 Agony                    Necr           25%        N/A       88%         5
 Alistair's Intoxication  Tmut/Pois      16%        N/A       88%         5
 Borgnjor's Vile Clutch   Necr/Erth      12%        N/A       88%         5
 Fireball                 Conj/Fire      12%        3d7       88%         5
 Irradiate                Conj/Tmut      12%        3d17      88%         5
 Iskenderun's Battlesphe  Conj           25%        2d8       88%         5
 Lee's Rapid Deconstruct  Erth           12%        3d10*     88%         5
 Lightning Bolt           Conj/Air       12%        1d26      88%         5
 Silence                  Hex/Air        12%        N/A       88%         5
 Summon Forest            Summ/Tloc      12%        N/A       88%         5
 Conjure Ball Lightning   Conj/Air       12%        3x3d6     100%        6
 Eringya's Noxious Bog    Tmut/Pois      12%        N/A       100%        6
 Starburst                Conj/Fire      12%        6d5       100%        6
 Statue Form              Tmut/Erth      16%        N/A       100%        6
 Haunt                    Necr/Summ      12%        N/A       100%        7
 Orb of Destruction       Conj           12%        9d6       100%        7
 Storm Form               Tmut/Air       12%        N/A       100%        7
 Summon Hydra             Summ           12%        N/A       100%        7
 Ignition                 Fire           12%        3d6       100%        8
 Lehudib's Crystal Spear  Conj/Erth      12%        10d4      100%        8


Dungeon Overview and Level Annotations

Branches:
Dungeon (15/15)            Temple (0/1) D:4            Lair (6/6) D:9
  Swamp (2/4) Lair:3        Snake (0/4) Lair:2        Slime (0/5) Lair:6
    Orc (2/2) D:11            Elf (0/3) Orc:2        Vaults (0/5) D:13
 Depths (0/5) D:15

Altars:
Ashenzari
Cheibriados
Fedhas
Gozag
Nemelex Xobeh
Ru
Sif Muna
Trog
Uskayaw
Yredelemnul
The Shining One
Beogh

Shops:
D:1 ?:*?!   D:7 :   D:10 (   D:13 ?   Orc:1 ?   Orc:2 *[=(((**

Annotations:
D:12 exclusion: orange crystal statue
Swamp:2 Nikola


Innate Abilities, Weirdness & Mutations

You have very sharp teeth.
Your uncanny sense of smell can sniff out nearby items.
Your experience applies equally to all skills.
Your magical capacity is low. (-10% MP)
You are somewhat resistant to further mutation.


Message History

Things that are here:
6 gold pieces; a +0 quarterstaff; a +0 robe Unknown command.
Found a stone staircase leading down.
You are no longer berserk.
You are exhausted.
You feel yourself slow down.
Unknown command.
Nikola shouts!
You thump Nikola!
Nikola writhes in agony!
Nikola is no longer distracted by gold.
Nikola is lightly wounded.
A tyrant leech comes into view.
Nikola casts a spell.
Lightning arcs from Nikola's hands!
The bolt of lightning hits you!!!
A bolt of lightning appears from out of thin air!
The bolt of lightning hits Nikola!
The bolt of lightning hits the bunyip!!!
The bunyip is distracted by your dazzling golden aura.
The bunyip gives a hideous shriek!
You are too injured to fight recklessly!
You are too injured to fight recklessly!
Unknown command.
Unknown command.
You are too injured to fight recklessly!
Unknown command.
You are too injured to fight recklessly!
Unknown command.
You are too injured to fight recklessly!
Unknown command.
You are too injured to fight recklessly!
You puncture Nikola!
Nikola writhes in agony!
You bite Nikola, but do no damage.
Nikola is moderately wounded.
Nikola hits you but does no damage.
You are electrocuted!!
Nikola gestures wildly while chanting.
Lightning arcs from Nikola's hands!
The bolt of lightning hits you!!!!
Ouch! That really hurt!
You die...
Your body crumbles into a pile of gold.

$ . .≈§.≈..♣♣ .
.≈.....≈...≈≈§≈. >.
.♣..≈≈≈≈≈.≈§≈≈≈
..§♣≈≈.§≈§.≈§.≈§≈≈.≈§.♣♣
≈≈..♣♣..≈≈..≈....§§≈≈≈.♣
≈≈.......♣♣.≈.≈...≈≈≈≈.♣
♣♣.≈≈≈@...x.w.....≈≈≈≈.
♣.≈≈≈≈.@≈$..≈♣♣.≈≈...♣
♣(≈≈≈..≈$$$.♣♣≈.§..≈.♣
.≈≈≈≈≈≈≈≈≈$≈.♣.$≈..≈♣
.≈≈≈≈≈≈≈.$....!≈≈.≈♣
.....≈≈≈.♣♣$...$..♣♣♣♣
≈≈...≈≈≈.♣♣♣..≈.§≈.♣≈♣ $
≈>≈♣♣≈≈≈.≈ ♣..≈≈≈≈.≈♣
..♣♣≈§≈.♣♣♣♣♣≈≈≈§≈.♣♣
♣≈♣≈...♣♣♣♣.≈≈≈≈≈§.♣♣


You could see Nikola, a bunyip and a tyrant leech.

Vanquished Creatures
  Gastronok (Lair:3)
  A tengu reaver (D:12)
  Mlioglotl (Swamp:1)
  A deep elf demonologist (D:12)
  A frost giant (D:14)
  A stone giant (D:15)
  Snorg (D:11)
  2 fire dragons
  9 boulder beetles
  A bunyip (Swamp:2)
  An ice dragon (Lair:6)
  20 hydras
  15 two-headed ogres
  3 ogre magi
  2 ettins (D:14)
  2 death knights
  A shambling mangrove (Swamp:2)
  3 catoblepae
  6 death yaks (Lair:5)
  5 orc high priests (Orc:2)
  3 alligators
  3 tengu warriors
  12 centaur warriors
  A hell knight (D:14)
  2 skeletal warriors
  2 goliath frogs (Swamp:1)
  A bog body (Swamp:1)
  A swamp dragon (shapeshifter) (D:15)
  3 swamp dragons
  A spriggan druid (Swamp:2)
  2 lindwurms (Lair:6)
  8 orc knights
  A wizard (D:12)
  5 orc sorcerers
  16 ugly things
  A necromancer (D:13)
  8 deep elf pyromancers
  8 cyclopes
  3 oklob plants
  7 manticores
  A will-o-the-wisp (Swamp:1)
  7 elephants (Lair:6)
  6 torpor snails (Lair:6)
  4 black mambas
  13 cane toads
  A komodo dragon (shapeshifter) (D:14)
  4 rime drakes
  Maggie (D:6)
  A cane toad (shapeshifter) (D:14)
  3 gargoyles
  A yaktaur (D:14)
  An unseen horror (shapeshifter) (D:14)
  An efreet (D:15)
  5 kobold demonologists (D:12)
  4 freezing wraiths
  Psyche (D:11)
  5 tengu conjurers (D:12)
  6 komodo dragons
  A meliai (shapeshifter) (D:14)
  2 meliai (D:14)
  5 trolls
  6 tyrant leeches
  3 polar bears (Lair:6)
  10 hornets
  2 hornets (shapeshifter)
  A raiju (shapeshifter) (D:13)
  12 dream sheep (Lair:6)
  Prince Ribbit (D:9)
  19 blink frogs
  A centaur simulacrum (D:14)
  10 slime creatures
  2 vampires
  48 yaks
  3 shadows
  A water elemental (D:14)
  3 wraiths
  9 basilisks
  4 wyverns
  13 vampire mosquitoes
  6 steam dragons
  2 wargs
  3 swamp worms
  3 acid dragons
  15 water moccasins
  Duvessa (D:6)
  4 swamp drakes
  2 black bears
  2 ice beasts
  2 sky beasts
  32 orc warriors
  A boggart (D:15)
  6 ogres
  2 phantoms
  19 wolves
  14 centaurs
  9 bullfrogs
  2 kobold brigands
  A gnoll sergeant (Orc:2)
  3 scorpions
  Dowan (D:6)
  A wyvern skeleton (D:7)
  6 killer bees
  4 howler monkeys
  9 wights
  A vampire bat (Orc:1)
  4 electric eels
  6 centaur zombies
  2 hounds
  A jelly (D:5)
  33 orc priests
  Crazy Yiuf (D:6)
  A quasit (D:8)
  A bullfrog skeleton (D:6)
  A gnoll shaman (D:8)
  12 iguanas
  Terence (D:2)
  Natasha (twice) (D:4)
  17 orc wizards
  10 gnolls
  13 adders
  A shadow imp (D:5)
  3 white imps
  2 ufetubi (D:6)
  3 worms
  2 dart slugs
  67 orcs
  14 bats
  8 endoplasms
  5 giant cockroaches
  10 hobgoblins
  A quokka (D:1)
  8 ball pythons
  5 frilled lizards
  3 goblins
  3 goblin skeletons (D:8)
  A goblin zombie (D:8)
  A hobgoblin zombie (D:8)
  21 kobolds
  2 kobold skeletons (D:8)
  A kobold zombie (D:8)
  An orc skeleton (D:8)
  An orc zombie (D:8)
  7 rats
812 creatures vanquished.

Vanquished Creatures (others)
  A spriggan berserker (Swamp:2)
  A spriggan druid (Swamp:2)
  3 swamp worms (Swamp:2)
  2 boggarts (D:15)
  Natasha (D:4)
  5 orcs
  3 bushes (Lair:6)
  4 foxfires (Swamp:1)
  40 fungi
  100 plants
160 creatures vanquished.

Grand Total: 972 creatures vanquished

Notes
Turn   | Place    | Note
-------+----------+-------------------------------------------
     0 | D:5      | Reached skill level 9 in Stealth
     0 | D:5      | flotson the Gnoll Delver began the quest for the Orb.
     0 | D:5      | Reached XP level 1. HP: 23/23 MP: 1/1
     0 | D:5      | Found the +27 Lear's hauberk
     5 | D:5      | Noticed a hound
    27 | D:5      | Killed a hound
    28 | D:5      | Reached XP level 2. HP: 26/29 MP: 1/3
    28 | D:5      | Reached XP level 3. HP: 31/35 MP: 1/4
    82 | D:4      | Identified the +4 trident of Qeivaere {flame, rPois rF+
                  | Str+3}
    93 | D:4      | Noticed Natasha
   100 | D:4      | Killed Natasha
   101 | D:4      | Reached skill level 1 in Short Blades
   101 | D:4      | Reached skill level 1 in Long Blades
   101 | D:4      | Reached skill level 1 in Maces & Flails
   101 | D:4      | Reached skill level 1 in Polearms
   101 | D:4      | Reached skill level 1 in Staves
   101 | D:4      | Reached skill level 1 in Slings
   101 | D:4      | Reached skill level 1 in Bows
   101 | D:4      | Reached skill level 1 in Crossbows
   101 | D:4      | Reached skill level 1 in Throwing
   101 | D:4      | Reached skill level 1 in Armour
   101 | D:4      | Reached skill level 1 in Shields
   101 | D:4      | Reached skill level 1 in Unarmed Combat
   101 | D:4      | Reached skill level 1 in Spellcasting
   101 | D:4      | Reached skill level 1 in Invocations
   101 | D:4      | Reached skill level 1 in Evocations
   101 | D:4      | Reached XP level 4. HP: 32/41 MP: 5/5
   178 | D:4      | Found a broken altar of Ashenzari.
   254 | D:1      | Found Udapp's Magic Scroll Shop.
   339 | D:1      | Found Wias's Book Shop.
   454 | D:1      | Found Aludghih's Magic Scroll Boutique.
   470 | D:1      | Reached skill level 1 in Conjurations
   470 | D:1      | Reached skill level 1 in Hexes
   470 | D:1      | Reached skill level 1 in Summonings
   470 | D:1      | Reached skill level 1 in Necromancy
   470 | D:1      | Reached skill level 1 in Translocations
   470 | D:1      | Reached skill level 1 in Transmutations
   470 | D:1      | Reached skill level 1 in Fire Magic
   470 | D:1      | Reached skill level 1 in Ice Magic
   470 | D:1      | Reached skill level 1 in Air Magic
   470 | D:1      | Reached skill level 1 in Earth Magic
   470 | D:1      | Reached skill level 1 in Poison Magic
   607 | D:1      | Found Relorch's Distillery.
   767 | D:1      | Found Xolim's General Store.
   887 | D:1      | Found a faded altar of an unknown god.
  1089 | D:2      | Reached XP level 5. HP: 47/47 MP: 6/6
  1158 | D:2      | Noticed Terence
  1166 | D:2      | Killed Terence
  2034 | D:3      | Reached XP level 6. HP: 53/53 MP: 8/8
  2408 | D:4      | Found an opulent altar of Gozag.
  2609 | D:3      | Reached skill level 5 in Axes
  2609 | D:3      | Reached skill level 5 in Dodging
  2697 | D:4      | Became a worshipper of Gozag Ym Sagoz the Greedy
  2861 | D:4      | Found a staircase to the Ecumenical Temple.
  2996 | D:4      | Noticed Natasha
  3004 | D:4      | Killed Natasha
  3094 | D:4      | Killed Natasha
  3152 | D:4      | Found a broken altar of Ashenzari.
  3226 | D:4      | Found an opulent altar of Gozag.
  3305 | D:4      | Found a staircase to the Ecumenical Temple.
  3394 | D:4      | Found a staircase to the Ecumenical Temple.
  3411 | D:4      | Found a broken altar of Ashenzari.
  3491 | D:4      | Found an opulent altar of Gozag.
  3750 | D:5      | Reached XP level 7. HP: 59/59 MP: 10/10
  4280 | D:5      | Reached skill level 10 in Stealth
  4281 | D:5      | Reached XP level 8. HP: 67/67 MP: 12/12
  4360 | D:5      | Identified the +2 scale mail of Caf Jidigaa {Str+3 Int+3
                  | Stlth+}
  4720 | D:6      | Noticed Duvessa
  4720 | D:6      | Noticed Dowan
  4720 | D:6      | Noticed Maggie
  4831 | D:1      | Bought a scroll of identify for 22 gold pieces
  4831 | D:1      | Bought a scroll of noise for 11 gold pieces
  4831 | D:1      | Bought a scroll of teleportation for 33 gold pieces
  5068 | D:6      | Killed Duvessa
  5069 | D:6      | Reached XP level 9. HP: 27/73 MP: 14/14
  5370 | D:6      | Killed Dowan
  5724 | D:6      | Killed Maggie
  5815 | D:1      | Bought a scroll of identify for 28 gold pieces
  5815 | D:1      | Bought a scroll of identify for 28 gold pieces
  5815 | D:1      | Bought a scroll of identify for 28 gold pieces
  5815 | D:1      | Bought a scroll of identify for 28 gold pieces
  5980 | D:6      | Found a sacrificial altar of Ru.
  5981 | D:6      | Found a basalt altar of Yredelemnul.
  5982 | D:6      | Found a sparkling altar of Nemelex Xobeh.
  6047 | D:6      | Found a runed translucent door.
  6048 | D:6      | Noticed Crazy Yiuf
  6057 | D:6      | Killed Crazy Yiuf
  6068 | D:6      | Identified the +5 mace of Sosmecet {vorpal, Fragile rPois
                  | Int+4}
  6135 | D:7      | Found Epho's Book Boutique.
  6155 | D:7      | Reached skill level 5 in Invocations
  6511 | D:7      | Identified the +9 rapier of the Queen {flame, MP+9}
  6741 | D:8      | Reached XP level 10. HP: 73/80 MP: 17/17
  6750 | D:8      | Found a glowing golden altar of the Shining One.
  6754 | D:8      | Identified the +1 ring mail of the Fiddle {rPois Int+4
                  | Dex+5 Stlth-}
  6756 | D:8      | Noticed a two-headed ogre
  6924 | D:8      | Reached skill level 5 in Short Blades
  6924 | D:8      | Reached skill level 5 in Long Blades
  6924 | D:8      | Reached skill level 5 in Maces & Flails
  6924 | D:8      | Reached skill level 5 in Polearms
  6924 | D:8      | Reached skill level 5 in Staves
  6924 | D:8      | Reached skill level 5 in Slings
  6924 | D:8      | Reached skill level 5 in Bows
  6924 | D:8      | Reached skill level 5 in Crossbows
  6924 | D:8      | Reached skill level 5 in Throwing
  6924 | D:8      | Reached skill level 5 in Armour
  6924 | D:8      | Reached skill level 5 in Shields
  6924 | D:8      | Reached skill level 5 in Unarmed Combat
  6924 | D:8      | Reached skill level 5 in Spellcasting
  6924 | D:8      | Reached skill level 5 in Evocations
  7309 | D:8      | Killed a two-headed ogre
  7587 | D:8      | Found a hide-covered altar of Uskayaw.
  7858 | D:9      | Found a staircase to the Lair.
  7885 | D:9      | Noticed a two-headed ogre
  7904 | D:8      | Killed a two-headed ogre
  8052 | D:9      | Reached skill level 11 in Stealth
  8065 | D:9      | Got Sautois's Reference Book on the Evil Oath
  8070 | D:9      | Noticed a cyclops
  8071 | D:9      | Noticed Prince Ribbit
  8088 | D:9      | Killed Prince Ribbit
  8246 | D:9      | Killed a cyclops
  8247 | D:9      | Reached XP level 11. HP: 87/87 MP: 19/19
  8304 | D:9      | Noticed a cyclops
  8310 | D:9      | Reached skill level 5 in Conjurations
  8310 | D:9      | Reached skill level 5 in Hexes
  8310 | D:9      | Reached skill level 5 in Summonings
  8310 | D:9      | Reached skill level 5 in Necromancy
  8310 | D:9      | Reached skill level 5 in Translocations
  8310 | D:9      | Reached skill level 5 in Transmutations
  8310 | D:9      | Reached skill level 5 in Fire Magic
  8310 | D:9      | Reached skill level 5 in Ice Magic
  8310 | D:9      | Reached skill level 5 in Air Magic
  8310 | D:9      | Reached skill level 5 in Earth Magic
  8310 | D:9      | Reached skill level 5 in Poison Magic
  8317 | D:9      | Noticed a deep elf pyromancer
  8322 | D:9      | Killed a cyclops
  8329 | D:9      | Killed a deep elf pyromancer
  8801 | D:1      | Bought a +4 ring of slaying for 1092 gold pieces
  9257 | D:10     | Entered Level 10 of the Dungeon
  9422 | D:10     | Found Susatze's Antique Weapon Shoppe.
  9514 | D:10     | You fall into a shaft and drop 2 floors!
  9525 | D:12     | Noticed a five-headed hydra
  9548 | D:12     | Killed a five-headed hydra
  9716 | D:12     | Noticed a boulder beetle
  9737 | D:12     | Noticed a death knight
  9739 | D:12     | Noticed a skeletal warrior
 10227 | D:10     | Found a bloodstained altar of Trog.
 10412 | D:10     | Noticed a two-headed ogre
 10414 | D:10     | Found a snail-covered altar of Cheibriados.
 10448 | D:10     | Killed a two-headed ogre
 10532 | Lair:1   | Entered Level 1 of the Lair of Beasts
 10741 | Lair:1   | Reached XP level 12. HP: 82/96 MP: 22/22
 11010 | Lair:1   | Identified the +3 ring mail of Distant Shores {Will+}
 11144 | Lair:1   | Noticed an eight-headed hydra
 11156 | Lair:1   | Killed an eight-headed hydra
 11420 | Lair:2   | Noticed a five-headed hydra
 11429 | Lair:2   | Killed a five-headed hydra
 11502 | Lair:2   | Found a staircase to the Snake Pit.
 11513 | Lair:2   | Noticed a seven-headed hydra
 11526 | Lair:2   | Killed a seven-headed hydra
 11729 | Lair:2   | Noticed an eight-headed hydra
 11742 | Lair:2   | Killed an eight-headed hydra
 11929 | Lair:2   | Reached skill level 10 in Fighting
 12360 | Lair:2   | Noticed a seven-headed hydra
 12369 | Lair:2   | Killed a seven-headed hydra
 12567 | Lair:3   | Found a gate leading to a gauntlet.
 12581 | Lair:3   | Noticed an eight-headed hydra
 12583 | Lair:3   | Noticed a five-headed hydra
 12593 | Lair:2   | Reached skill level 12 in Stealth
 12829 | Lair:2   | Killed an eight-headed hydra
 13012 | Lair:2   | Killed a five-headed hydra
 13013 | Lair:2   | Reached XP level 13. HP: 62/103 MP: 24/24
 13290 | Lair:3   | Found a staircase to the Swamp.
 13429 | Lair:3   | Noticed Gastronok
 13447 | Lair:3   | Killed Gastronok
 13847 | Lair:3   | Found a sacrificial altar of Ru.
 15322 | Lair:4   | Found a blossoming altar of Fedhas.
 16736 | Lair:5   | Reached XP level 14. HP: 111/111 MP: 26/26
 17209 | Lair:6   | Entered Level 6 of the Lair of Beasts
 17224 | Lair:6   | Reached skill level 10 in Axes
 17224 | Lair:6   | Reached skill level 10 in Dodging
 18262 | Lair:6   | Reached skill level 10 in Invocations
 18542 | Lair:6   | Found a staircase to the Slime Pits.
 19497 | Lair:6   | Found a runed translucent door.
 19530 | Lair:6   | Reached skill level 13 in Stealth
 19776 | Lair:6   | Paralysed by a hornet for 3 turns
 20305 | Lair:6   | Paralysed by a hornet for 3 turns
 20668 | Lair:6   | Reached XP level 15. HP: 16/119 MP: 2/28
 21286 | D:11     | Noticed Psyche
 21290 | D:11     | Noticed Snorg
 21306 | D:11     | Killed Snorg
 21307 | D:11     | Killed Psyche
 21969 | D:11     | Found a staircase to the Orcish Mines.
 22134 | Orc:1    | Entered Level 1 of the Orcish Mines
 22906 | Orc:1    | Found Webb's Magic Scroll Shop.
 22922 | Orc:1    | Reached skill level 10 in Short Blades
 22922 | Orc:1    | Reached skill level 10 in Long Blades
 22922 | Orc:1    | Reached skill level 10 in Maces & Flails
 22922 | Orc:1    | Reached skill level 10 in Polearms
 22922 | Orc:1    | Reached skill level 10 in Staves
 22922 | Orc:1    | Reached skill level 10 in Slings
 22922 | Orc:1    | Reached skill level 10 in Bows
 22922 | Orc:1    | Reached skill level 10 in Crossbows
 22922 | Orc:1    | Reached skill level 10 in Throwing
 22922 | Orc:1    | Reached skill level 10 in Armour
 22922 | Orc:1    | Reached skill level 10 in Shields
 22922 | Orc:1    | Reached skill level 10 in Unarmed Combat
 22922 | Orc:1    | Reached skill level 10 in Spellcasting
 22922 | Orc:1    | Reached skill level 10 in Evocations
 23258 | Orc:1    | Bought a scroll of identify for 34 gold pieces
 23258 | Orc:1    | Bought a scroll of identify for 34 gold pieces
 23875 | Orc:2    | Entered Level 2 of the Orcish Mines
 24190 | Orc:2    | Found a staircase to the Elven Halls.
 26093 | Orc:2    | Gained mutation: Your magical capacity is low. (-10% MP) [a
                  | neqoxec]
 26094 | Orc:2    | Gained mutation: You are somewhat resistant to further
                  | mutation. [a neqoxec]
 26734 | Orc:2    | Found Osikuxko's Weapon Emporium.
 26737 | Orc:2    | Found Gacroferab's Armour Shoppe.
 26738 | Orc:2    | Found Qife's General Store.
 26739 | Orc:2    | Found Kuhe Qost's Jewellery Emporium.
 26742 | Orc:2    | Bought a scroll of identify for 34 gold pieces
 26864 | Orc:2    | Bought a steaming platinum ring for 185 gold pieces
 26864 | Orc:2    | Identified the ring of Dioriwi {*Corrode Int+7 Dex+6} (You
                  | bought it in a shop on level 2 of the Orcish Mines)
 26866 | Orc:2    | Bought a scroll labelled BEUPPE YPPEOD for 44 gold pieces
 26866 | Orc:2    | Bought an encrusted trident for 374 gold pieces
 26866 | Orc:2    | Identified the +6 trident "Fidaeg" {drain, Int+5 SInv
                  | Stlth-} (You bought it in a shop on level 2 of the Orcish
                  | Mines)
 26866 | Orc:2    | Bought a scroll of identify for 88 gold pieces
 26871 | Orc:2    | Bought a warped rapier for 342 gold pieces
 26871 | Orc:2    | Identified the +3 rapier "Paehevuw" {vorpal, rPois rC+ rN+}
                  | (You bought it in a shop on level 2 of the Orcish Mines)
 26983 | D:10     | Bought a fine whip for 225 gold pieces
 26983 | D:10     | Identified the +5 whip of the Magi {vorpal, rCorr Stlth+}
                  | (You bought it in a shop on level 10 of the Dungeon)
 27087 | Orc:2    | Bought a slimy morningstar for 333 gold pieces
 27087 | Orc:2    | Identified the +11 morningstar of the Lonely Lies {pain,
                  | *Rage rC+ Str+4} (You bought it in a shop on level 2 of the
                  | Orcish Mines)
 27089 | Orc:2    | Bought a steaming falchion for 352 gold pieces
 27089 | Orc:2    | Identified the +11 falchion of Watchfulness {antimagic,
                  | Str+6 Dex+4} (You bought it in a shop on level 2 of the
                  | Orcish Mines)
 28019 | D:12     | Paralysed by something for 6 turns
 28027 | D:12     | Reached XP level 16. HP: 127/127 MP: 27/27
 28143 | D:12     | Found a shimmering blue altar of Sif Muna.
 28329 | D:12     | Noticed a tengu reaver
 28337 | D:12     | Killed a tengu reaver
 28386 | D:12     | Got the Guide on Creative Ignition
 28388 | D:12     | Got the Reference Book on Heat and Changing
 28410 | D:12     | Got the Handbook of the Rocks and Fire
 28412 | D:12     | Got the Grimoire of the Ghastly Birds
 28823 | D:12     | Reached skill level 14 in Stealth
 28823 | D:12     | Upgraded the game from 0.28-a0-479-g5baa6b73be to
                  | 0.28-a0-514-g0d7ab7f379
 29617 | D:13     | Found a gate to the Vaults.
 29784 | D:13     | Found Foigilo's Magic Scroll Shoppe.
 32904 | D:15     | Entered Level 15 of the Dungeon
 32943 | D:15     | Reached XP level 17. HP: 75/136 MP: 20/29
 33714 | D:7      | Bought a manual of Shields for 1200 gold pieces
 34364 | D:15     | Found a staircase to the Depths.
 35127 | Swamp:1  | Entered Level 1 of the Swamp
 35130 | Lair:3   | Upgraded the game from 0.28-a0-514-g0d7ab7f379 to
                  | 0.28-a0-519-gbfeecf2fc5
 35371 | Orc:2    | Bought the ring "Ustahirha" {Fly rPois rF+ rC+} for 597
                  | gold pieces
 35783 | Swamp:1  | Noticed Mlioglotl
 35803 | Swamp:1  | Killed Mlioglotl
 36590 | Swamp:1  | Learned a level 3 spell: Swiftness
 36594 | Swamp:1  | Learned a level 3 spell: Teleport Other
 36598 | Swamp:1  | Learned a level 3 spell: Lesser Beckoning
 36602 | Swamp:1  | Learned a level 3 spell: Dazzling Flash
 36886 | Swamp:2  | Noticed Nikola
 36899 | Swamp:2  | Killed from afar by Nikola

Illustrated notes

Levels and vault maps discovered:
D:1:      psy_arrival_fountain, layout_loops_cross,
          shapermc_ecumenical_altar_mp_highgroup, serial_shops, shop,
          nicolae_square_shop, nicolae_shop_window_shopping, shop,
          nicolae_square_shop, minmay_tetromino_s2
D:2:      layout_rooms, grunt_ministairs_11, st_stairs_10, uniq_terence
D:3:      layout_loops_ring, serial_aquarium, aquarium_bridge_square
          [aquarium_subvault_bridge, aquarium_subvault_bridge,
          aquarium_subvault_window, aquarium_subvault_wall],
          aquarium_bridge_square [aquarium_subvault_bridge,
          aquarium_subvault_balcony, aquarium_subvault_wall,
          aquarium_subvault_wall], aquarium_window_corner, aquarium_window_2,
          aquarium_window_2, aquarium_view_2e, aquarium_view_2b, st_stairs_11
D:4:      layout_rooms, kennysheep_little_box, grunt_gozag_statues,
          lemuel_temple_firewalk_a, uniq_natasha
D:5:      layout_basic, grunt_ministairs_3
D:6:      layout_basic, chequers_temple_overflow_statue_of_worship,
          uniq_duvessa, uniq_maggie, uniq_crazy_yiuf_cottage
D:7:      layout_cave_pools, serial_shops, shop
D:8:      layout_cave_pools, nicolae_tso_besieged_by_evil,
          mainiacjoe_overflow_alcove_2, serial_column_ruins,
          column_ruins_hut_pillars, column_ruins_grid_2, column_ruins_grid_1,
          column_ruins_columns_straight, column_ruins_grid_1,
          column_ruins_columns_straight
D:9:      minmay_ornate_pinched, layout_loops_ring, uniq_prince_ribbit1
D:10:     layout_long_grid, cheibrodos_worm_habitat, trog_butcher_becter,
          nicolae_stop_n_shop_2
D:11:     layout_loops_ring, orc_0_dummy, uniq_snorg, uniq_psyche
D:12:     evilmike_library_of_no_secrets, layout_basic, disabler_island
D:13:     layout_long_grid, david_vaults_1, serial_shops,
          nicolae_shop_behind_doors
D:14:     minmay_nested_s, layout_loops_ring, minivault_14
D:15:     grunt_enter_depths_snipers, layout_small_grid, nrook_campfire,
          serial_glass, glass_columns_a, glass_columns_a
Lair:1:   layout_concentric_octagons, serial_bayou_pond_e, lemuel_fruit_tree,
          infiniplex_staircase_pool
Lair:2:   layout_chaotic_city, dummy_snake_entry, minivault_23,
          minmay_lair_oklob_items, small_statue_intersection,
          eino_small_chamber_without_monster, wad_woods_road_04
Lair:3:   layout_gridlike, minmay_swamp_entry_swarm, serial_forest,
          infiniplex_forest_lined_room_2, infiniplex_forest_end_2,
          infiniplex_forest_clump_double, infiniplex_forest_lined_room_2,
          infiniplex_forest_lined_corner, infiniplex_forest_zigzag_2,
          infiniplex_forest_lined_3, gauntlet_entry_generic, basic_altar,
          beast_lair_carwin_1, grunt_megastairs_3, uniq_gastronok
Lair:4:   layout_regular_city, tgw_fedhas, infiniplex_staircase_pool_2
Lair:5:   layout_layer_cave, nicolae_volcano_entry_s_turn, serial_bayou_shore_a
Lair:6:   guppyfry_lair_end_dragon, layout_regular_city, wormcave, slime_dummy,
          st_stairs_4, serial_bayou_shore_b, serial_bayou_shore_b,
          serial_bayou_shore_b, grunt_megastairs_5
Swamp:1:  layout_falls_marsh, evilmike_swamp_ruin_house_4, uniq_mlioglotl
Swamp:2:  layout_basic_swamp, wheals_swamp_sinkhole, swamp_pool3, uniq_nikola
Orc:1:    layout_diamond_mine, serial_shops, shop, basic_altar, roderic_batcave,
          abandoned_shop
Orc:2:    st_orc_pillars, layout_caves

Skill      XL: |  1  2  3  4  5  6  7  8  9 10 11 12 13 14 15 16 17 |
---------------+----------------------------------------------------+-----
Stealth        | 10 11 12 13 14 | 14.8
Short Blades   | 1 2 3 4 5 6 7 8 9 10 11 | 11.7
Long Blades    | 1 2 3 4 5 6 7 8 9 10 11 | 11.7
Maces & Flails | 1 2 3 4 5 6 7 8 9 10 11 | 11.7
Polearms       | 1 2 3 4 5 6 7 8 9 10 11 | 11.7
Staves         | 1 2 3 4 5 6 7 8 9 10 11 | 11.7
Slings         | 1 2 3 4 5 6 7 8 9 10 11 | 11.7
Bows           | 1 2 3 4 5 6 7 8 9 10 11 | 11.7
Crossbows      | 1 2 3 4 5 6 7 8 9 10 11 | 11.7
Throwing       | 1 2 3 4 5 6 7 8 9 10 11 | 11.7
Armour         | 1 2 3 4 5 6 7 8 9 10 11 | 11.7
Shields        | 1 2 3 4 5 6 7 8 9 10 11 12 | 12.1
Unarmed Combat | 1 2 3 4 5 6 7 8 9 10 11 | 11.7
Spellcasting   | 1 2 3 4 5 6 7 8 9 10 11 | 11.7
Invocations    | 1 2 3 4 5 6 7 8 9 10 11 12 | 12.7
Evocations     | 1 2 3 4 5 6 7 8 9 10 11 | 11.7
Conjurations   | 1 2 3 4 5 6 7 8 9 |  9.9
Hexes          | 1 2 3 4 5 6 7 8 9 |  9.9
Summonings     | 1 2 3 4 5 6 7 8 9 |  9.9
Necromancy     | 1 2 3 4 5 6 7 8 9 |  9.9
Translocations | 1 2 3 4 5 6 7 8 9 |  9.9
Transmutations | 1 2 3 4 5 6 7 8 9 |  9.9
Fire Magic     | 1 2 3 4 5 6 7 8 9 |  9.9
Ice Magic      | 1 2 3 4 5 6 7 8 9 |  9.9
Air Magic      | 1 2 3 4 5 6 7 8 9 |  9.9
Earth Magic    | 1 2 3 4 5 6 7 8 9 |  9.9
Poison Magic   | 1 2 3 4 5 6 7 8 9 |  9.9
Axes           | 5 6 7 8 9 10 11 12 | 12.6
Dodging        | 5 6 7 8 9 10 11 12 | 12.6
Fighting       | 7 8 9 10 11 12 13 | 13.3

Action                   |  1- 3 |  4- 6 |  7- 9 | 10-12 | 13-15 | 16-18 || total
-------------------------+-------+-------+-------+-------+-------+-------++-------
Melee: Hand axe          |    10 |       |       |       |       |       ||    10
       Bite              |     2 |     9 |    30 |    71 |   169 |    80 ||   361
       Trident           |     5 |   191 |   280 |     5 |       |       ||   481
       Punch             |       |       |     4 |    14 |    66 |     1 ||    85
       Rapier            |       |       |    22 |   481 |  1355 |       ||  1858
       Morningstar       |       |       |       |       |    71 |   616 ||   687
Throw: Dart              |       |       |       |       |       |     4 ||     4
Invok: Call Merchant     |       |       |       |       |     4 |       ||     4
Evoke: Wand              |       |       |       |    16 |     4 |     5 ||    25
  Use: Scroll            |       |       |    10 |     5 |    11 |     2 ||    28
       Potion            |       |       |       |       |     2 |       ||     2
 Stab: Sleeping          |       |     5 |     2 |     2 |    15 |    17 ||    41
       Distracted        |       |     1 |     4 |     3 |     9 |     4 ||    21
       Petrified         |       |       |       |       |       |     4 ||     4
       Petrifying        |       |       |       |       |       |     1 ||     1
Armor: Chain mail        |    12 |   101 |   245 |   521 |  1114 |   770 ||  2763
Dodge: Dodged            |     3 |    46 |   153 |   308 |   685 |   377 ||  1572
Block: Tower shield      |       |       |       |       |       |   663 ||   663
       Buckler           |       |       |       |       |       |    48 ||    48

Table legend: (Time is in decaauts)
 A = Elapsed time spent in this place.
 B = Non-inter-level travel time spent in this place.
 C = Inter-level travel time spent in this place.
 D = Time resting spent in this place.
 E = Time spent auto-exploring this place.
 F = Levels seen in this place.
 G = Mean time per level.
                   A        B        C        D        E       F      G
               +--------+--------+--------+--------+--------+-----+--------+
         Total |  37272 |  34170 |   3102 |   3226 |  24181 |  25 | 1490.9 |
       Dungeon |  20081 |  17996 |   2085 |   1682 |  12478 |  15 | 1338.7 |
          Lair |  10694 |  10271 |    423 |    545 |   8094 |   6 | 1782.3 |
         Swamp |   1373 |   1358 |     15 |    214 |    839 |   2 |  686.5 |
  Orcish Mines |   5123 |   4545 |    578 |    784 |   2770 |   2 | 2561.5 |
               +--------+--------+--------+--------+--------+-----+--------+

Top non-repeatable levels by time:
    D:14: 3299 daAuts
  Lair:6: 3256 daAuts
   Orc:1: 2704 daAuts
   Orc:2: 2419 daAuts
  Lair:5: 2371 daAuts
    D:12: 2273 daAuts
  Lair:2: 1819 daAuts
    D:13: 1719 daAuts
     D:5: 1455 daAuts
     D:4: 1413 daAuts
    D:11: 1370 daAuts
  Lair:3: 1330 daAuts
     D:9: 1232 daAuts
     D:8: 1175 daAuts
     D:3: 1078 daAuts
